 Dungeon Crawl Stone Soup version 0.31-a0-667-g39726597b9 (webtiles) character file.

Game seed: 6526924662146344882

212 Conn the Sneak (level 5, -3/31 HPs)
             Began as an Octopode Fire Elementalist on Sept 3, 2023.
             Killed by divine providence
             ... invoked by an orc priest
              (14 damage)
             ... on level 4 of the Dungeon.
             The game lasted 00:06:01 (3055 turns).

Conn the Sneak (Octopode Fire Elementalist)         Turns: 3055, Time: 00:06:01

Health: -3/31      AC:  1    Str:  7    XL:     5   Next: 89%
Magic:  8/9        EV: 13    Int: 20    God:
Gold:   184        SH:  0    Dex: 12    Spells: 4/10 levels left

rFire   . . .        h - +0 dagger
rCold   . . .        (no shield)
rNeg    . . .        (helmet restricted)
rPois   .            (no amulet)
rElec   .            (no ring)
rCorr   .            (no ring)
SInv    .            (no ring)
Will    .....        (no ring)
Stlth   +++          (no ring)
HPRegen 0.25/turn    (no ring)
MPRegen 0.11/turn    (no ring)
                     (no ring)

%: no passive effects
@: no status effects
A: almost no armour, amphibious, 8 rings, camouflage 1, gelatinous body 1,
(nimble swimmer 1), tentacles
a: no special abilities


You were on level 4 of the Dungeon.
You visited 1 branch of the dungeon, and saw 4 of its levels.

You collected 184 gold pieces.

Inventory:

Hand Weapons
 h - a +0 dagger (weapon)
 j - the +0 sling of Massacring {drain, rPois rC- rCorr Dex-5}
   (You found it on level 2 of the Dungeon)

   Dex-5:     It affects your dexterity (-5).
   rC-:       It makes you vulnerable to cold.
   rPois:     It protects you from poison rCorr: It protects you from acid and
   corrosion.
Armour
 m - a +0 buckler
Jewellery
 n - a ring of ice
Scrolls
 b - a scroll of noise {unknown}
 g - a scroll of teleportation {unknown}
 i - a scroll of poison {unknown}
 l - a scroll of brand weapon {unknown}
 o - a scroll of blinking
 p - 2 scrolls of enchant weapon {unknown}
 q - 3 scrolls of identify {unknown}
Potions
 a - a potion of magic
 c - 2 potions of curing {unknown}
 d - 2 potions of attraction {unknown}
 e - a potion of lignification {unknown}
 f - a potion of degeneration {unknown}
 k - 3 potions of haste {unknown}
 r - a potion of invisibility {unknown}


   Skills:
 + Level 2.9 Dodging
 + Level 4.1 Stealth
 + Level 1.1 Shields
 * Level 3.1 Spellcasting
 * Level 2.7 Conjurations
 + Level 3.6 Fire Magic


You had 4 spell levels left.
You knew the following spells:

 Your Spells              Type           Power      Damage    Failure   Level
a - Foxfire               Conj/Fire      60%        2x1d7     3%          1
b - Scorch                Fire           34%        2d6       4%          2
c - Inner Flame           Hex/Fire       10%        N/A       21%         3

Your spell library contained the following spells:

 Spells                   Type           Power      Damage    Failure   Level
 Volatile Blastmotes      Fire/Tloc      20%        2d11      21%         3
 Flame Wave               Conj/Fire      15%        2d7       36%         4
 Summon Forest            Summ/Tloc      1%         N/A       98%         5
 Eringya's Noxious Bog    Tmut/Pois      1%         4d6       100%        6
 Summon Hydra             Summ           1%         N/A       100%        7


Dungeon Overview and Level Annotations

Branches:
Dungeon (4/15)
 Temple: D:4-7

Altars:
Kikubaaqudgha
Makhleb
Vehumet
Wu Jian
Zin

Shops:
D:1 (:


Innate Abilities, Weirdness & Mutations

You cannot wear most types of armour.
You are amphibious.
You can wear up to eight rings at the same time.
Your skin changes colour to match your surroundings (Stealth+).
Your rubbery body absorbs attacks. (AC +1, EV +1)
((You are camouflaged when in or above water. (Stealth+)))
You have tentacles for arms and can constrict up to eight enemies at once.


Message History

The foxfire hits the hobgoblin.
The hobgoblin is heavily wounded.
The foxfire hits the hobgoblin.
The hobgoblin is almost dead.
The foxfire hits the hobgoblin.
You kill the hobgoblin!
Your magical contamination has completely faded away.
Things that are here:
a +0 club; a goblin corpse You now have 184 gold pieces (gained 17).
Found a falchion.
q - 3 scrolls labelled KAEDGH RORU (gained 1)
You see here 7 stones.
You see here a +0 club.
k - 3 lumpy amethyst potions (gained 2)
Things that are here:
a +0 club; a goblin corpse
Found a stone staircase leading down.
An orc wizard comes into view.
It is wielding a +0 dagger. 3 orcs come into view.
Found a war axe.
The orc shouts! x2
An orc priest comes into view. It is wielding a +0 whip.
Found a whip.
The orc priest shouts!
The orc priest mumbles some strange prayers to Beogh against you.
Beogh smites you!
The orc wizard shouts!
The orc shouts!
There is a stone staircase leading down here.
Casting: Foxfire (safe; 3% risk of failure)
Confirm with . or Enter, or press ? or * to list all spells.
You conjure some foxfire!
The foxfire hits the orc but does no damage.
The orc priest calls down the wrath of Beogh upon you.
Beogh smites you!
Unknown command.
The foxfire hits the orc but does no damage.
The orc priest calls down the wrath of Beogh upon you.
Beogh smites you!
You die...

#..#....# ..#
#.)....###.#
###.#....#.#
#####.#.##...#
#.....#.###..#
##.#####.# ##.###
#..# #.# #...# ..##
#.# #..ยง## .## ##)#
##..@#
.######..#####.#o#
.#..........##.#o#
.#..........##.#.#
##..........##.#.###
##..)..._...##.#.o.#
##......8...##.###..#
##......_...##.#


oo... .........)..##.# ....... You could see an orc priest and 2 orcs.

Vanquished Creatures
  3 hounds (D:4)
  A sleepcap (D:3)
  2 adders
  2 worms (D:1)
  2 dart slugs
  An orc (D:3)
  2 ball pythons
  9 endoplasms
  7 giant cockroaches
  7 goblins
  5 hobgoblins
  2 jackals (D:1)
  8 kobolds
  3 bats
  A frilled lizard (D:2)
  5 rats
60 creatures vanquished.

Vanquished Creatures (others)
  195 foxfires
195 creatures vanquished.

Grand Total: 255 creatures vanquished

Notes
Turn   | Place    | Note
-------+----------+-------------------------------------------
     0 | D:1      | Conn the Octopode Fire Elementalist began the quest for the
                  | Orb.
     0 | D:1      | Reached XP level 1. HP: 11/11 MP: 3/3
   116 | D:1      | Reached XP level 2. HP: 17/17 MP: 1/5
   200 | D:1      | Reached skill level 3 in Stealth
   306 | D:1      | Found Hediammam's Book Shoppe.
   582 | D:1      | Found a faded altar of an unknown god.
   605 | D:1      | Found Ykkoegisu's Weapon Emporium.
   636 | D:1      | Reached XP level 3. HP: 20/21 MP: 0/6
   639 | D:1      | Learned a level 2 spell: Scorch
   643 | D:1      | Learned a level 3 spell: Inner Flame
  1069 | D:2      | Identified the +0 sling of Massacring {drain, rPois rC-
                  | rCorr Dex-5}
  1632 | D:2      | Reached XP level 4. HP: 27/27 MP: 0/7
  2186 | D:3      | Found an ornate altar of the Wu Jian Council.
  2627 | D:3      | Found a radiant altar of Vehumet.
  2628 | D:3      | Found a burning altar of Makhleb.
  2755 | D:4      | Reached XP level 5. HP: 25/31 MP: 3/9
  2832 | D:4      | Found an ancient bone altar of Kikubaaqudgha.
  2832 | D:4      | Found a glowing silver altar of Zin.
  2911 | D:4      | Reached skill level 4 in Stealth
  2916 | D:4      | Reached skill level 1 in Shields
  3055 | D:4      | Killed from afar by an orc priest

Illustrated notes

Levels and vault maps discovered:
D:1:      mrwooster_arrival_statue, layout_basic, serial_shops,
          nicolae_shop_bloodbath_and_beyond, nicolae_book_shop_shelving,
          serial_glass, glass_columns_b, glass_columns_a, glass_columns_c,
          glass_columns_b, due_unseen_surprise,
          hellmonk_ecumenical_altar_pennies_from_heaven
D:2:      layout_loops_ring, kennysheep_big_empty_room, minmay_strange_pillars
D:3:      layout_loops_cross, grunt_temple_overflow_lords_of_destruction,
          mainiacjoe_overflow_six_doors_small
D:4:      layout_rooms, chequers_temple_overflow_statue_of_worship,
          gammafunk_ghost_nasty_kobolds, hex_tiny

Skill      XL: |  1  2  3  4  5 |
---------------+----------------+-----
Stealth        | 3 4 |  4.1
Conjurations   | 2 |  2.7
Spellcasting   | 3 |  3.1
Shields        | 1 |  1.1
Dodging        | |  2.9
Fire Magic     | |  3.6

Action                     |  1- 3 |  4- 6 || total
---------------------------+-------+-------++-------
  Melee: Unarmed           |     8 |       ||     8
         Constrict         |    11 |     4 ||    15
         Tentacles         |     7 |     6 ||    13
         Dagger            |    14 |    28 ||    42
   Cast: Foxfire           |    64 |    53 ||   117
         Scorch            |     1 |     3 ||     4
    Use: Scroll            |       |     1 ||     1
   Stab: Sleeping          |       |     4 ||     4
 Armour: Skin              |     9 |    14 ||    23
  Dodge: Dodged            |    17 |    18 ||    35

Table legend: (Time is in decaauts)
 A = Elapsed time spent in this place.
 B = Non-inter-level travel time spent in this place.
 C = Inter-level travel time spent in this place.
 D = Time resting spent in this place.
 E = Time spent auto-exploring this place.
 F = Levels seen in this place.
 G = Mean time per level.
                   A        B        C        D        E       F      G
               +--------+--------+--------+--------+--------+-----+--------+
         Total |   3054 |   2992 |     62 |     69 |   2257 |   4 |  763.5 |
       Dungeon |   3054 |   2992 |     62 |     69 |   2257 |   4 |  763.5 |
               +--------+--------+--------+--------+--------+-----+--------+

Top non-repeatable levels by time:
     D:1: 1026 daAuts
     D:2: 996 daAuts
     D:3: 626 daAuts
     D:4: 405 daAuts
